 Dungeon Crawl Stone Soup version 0.18-a0-1637-g109f206 (webtiles) character file.

87 syage the Shield-Bearer (level 4, -6/37 HPs)
             Began as a Formicid Fighter on Mar 26, 2016.
             Killed by divine providence
             ... invoked by an orc priest
              (14 damage)
             ... on level 3 of the Dungeon.
             The game lasted 00:04:22 (1314 turns).

syage the Shield-Bearer (Formicid Fighter)          Turns: 1314, Time: 00:04:23

Health: -6/37      AC:  7    Str: 21    XL:     4   Next: 80%
Magic:  4/4        EV:  8    Int:  8    God:
Gold:   34         SH:  9    Dex: 10    Spells: 0 memorised, 3 levels left

rFire  . . .     SeeInvis +     a - +0 war axe
rCold  . . .     Gourm    .     b - +0 scale mail
rNeg   . . .     Faith    .     c - +0 shield
rPois  .         Spirit   .     (helmet unavailable)
rElec  .         Dismiss  .     (no cloak)
rCorr  .         Reflect  .     (no gloves)
SustAt .         Harm     .     (no boots)
MR     .....                    (no amulet)
Stlth  ..........               (no ring)
                                (no ring)

@: not resistant to hostile enchantments, extremely unstealthy
A: permanent stasis, dig shafts and tunnels, four strong arms, antennae 3
a: Dig, Shaft Self


You were on level 3 of the Dungeon.
You were hungry.

You visited 1 branch of the dungeon, and saw 3 of its levels.

You collected 34 gold pieces.

Inventory:

Hand Weapons
 a - a +0 war axe (weapon)
 i - a +1 dagger of freezing
 m - a +2 dagger of speed
 n - a +2 dagger of electrocution
Armour
 b - a +0 scale mail (worn)
 c - a +0 shield (worn)
Scrolls
 e - 3 scrolls of identify {unknown}
 g - 2 scrolls of recharging {unknown}
 h - a scroll of random uselessness {unknown}
 k - 2 scrolls of magic mapping {unknown}
 l - a scroll of enchant weapon {unknown}
 o - a scroll of fog {unknown}
 s - a scroll of remove curse {unknown}
Potions
 d - 2 potions of might
 j - a potion of mutation {unknown}
 q - a potion of heal wounds {unknown}
Comestibles
 f - 3 bread rations
 p - a slice of pizza
 r - 5 fruits


   Skills:
 + Level 3.8 Fighting
 + Level 2.2 Axes
 + Level 4.1 Armour
 + Level 1.0 Dodging
 + Level 4.4 Shields


You had 3 spell levels left.
You didn't know any spells.

Dungeon Overview and Level Annotations

Branches:
Dungeon (3/15)

Altars:


Innate Abilities, Weirdness & Mutations

You are under a permanent stasis effect.
You can dig through walls and to a lower floor.
Your four strong arms can wield two-handed weapons with a shield.
You have a pair of large antennae on your head (SInv).


Message History

You hit the orc.
The orc is almost dead.
The orc barely misses you.
You closely miss the orc.
The orc is almost dead.
You block the orc's attack. The orc hits you but does no damage.
You hit the orc.
You kill the orc!
You closely miss the orc. You block the orc's attack. x2
You closely miss the orc. The orc hits you but does no damage.
You slash the orc!
You kill the orc!
You slash the orc!
You kill the orc!
You hit the orc priest but do no damage.
The orc priest hits you with a mace of protection.
* * * LOW HITPOINT WARNING * * *
The orc priest calls down the wrath of Beogh upon you.
Beogh smites you!
You die...

#### ... { { .#
################ .###....
...<...@o.# #
.#....#######.####.#.###
.#....+#.#.#.#.........#
#.....#.#.#.#.#.o......#
.#.....#.#.#.#.........#
#.#+#.#.#.#.#.#........#
.#.#.#.#.#.#.#'........#
#.#.#.#.#.#.#.#..........
.#.#.#.#.#.#o#.#........!.


You could see an orc priest.

Vanquished Creatures
  4 adders
  An ooze (D:1)
  A worm (D:2)
  4 orcs (D:3)
  A ball python (D:2)
  2 bats
  A giant cockroach (D:3)
  5 hobgoblins
  4 jackals (D:1)
  A quokka (D:2)
  2 giant newts (D:1)
  2 goblins
  8 kobolds
  7 rats
43 creatures vanquished.

Notes
Turn   | Place    | Note
--------------------------------------------------------------
     0 | D:1      | syage the Formicid Fighter began the quest for the Orb.
     0 | D:1      | Reached XP level 1. HP: 18/18 MP: 1/1
    38 | D:1      | Reached XP level 2. HP: 13/24 MP: 2/2
   196 | D:1      | Reached XP level 3. HP: 22/30 MP: 3/3
   839 | D:2      | Reached XP level 4. HP: 29/37 MP: 4/4
  1190 | D:2      | You fall through a shaft!
  1236 | D:3      | Reached skill level 1 in Dodging
  1314 | D:3      | Killed from afar by an orc priest

Vault maps used:
D:1:      dpeg_arrival_arbitrary_b
D:2:      first_bread
D:3:      trog_book

Skill      XL: |  1  2  3  4 |
---------------+-------------+-----
Armour         | 4 |  4.1
Shields        | 4 |  4.4
Dodging        | 1 |  1.0
Fighting       | |  3.8
Axes           | |  2.2

Action                   |  1- 3 |  4- 6 || total
-------------------------+-------+-------++-------
Melee: War axe           |    92 |    59 ||   151
  Eat: Chunk             |       |     1 ||     1
